 Dungeon Crawl Stone Soup version 0.27.1-34-g3ba077fa99 (webtiles) character file.

Game seed: 16854579052321731496

119 Gabide the Cudgeller (level 5, -2/41 HPs)
             Began as a Human Monk on Jan 25, 2022.
             Killed from afar by a white imp (7 damage)
             ... with a puff of frost
             ... summoned by Natasha
             ... on level 2 of the Dungeon.
             The game lasted 00:03:48 (2569 turns).

Gabide the Cudgeller (Human Monk)                   Turns: 2569, Time: 00:03:48

Health: -2/41      AC:  3    Str: 12    XL:     5   Next: 24%
Magic:  5/5        EV: 13    Int: 10    God:
Gold:   68         SH:  0    Dex: 16    Spells: 4/4 levels left

rFire    . . .     SeeInvis .   a - +0 mace
rCold    . . .     Faith    .   (no shield)
rNeg     . . .     Spirit   .   b - +0 robe
rPois    .         Reflect  .   (no helmet)
rElec    .         Harm     .   (no cloak)
rCorr    .         Rampage  .   f - +0 pair of gloves
Will     .....                  (no boots)
Stlth    ++........             (no amulet)
HPRegen  0.13/turn              (no ring)
MPRegen  0.09/turn              (no ring)

@: slowed, very slow
A: no striking features
a: no special abilities


You were on level 2 of the Dungeon.
You visited 1 branch of the dungeon, and saw 4 of its levels.

You collected 68 gold pieces.

Inventory:

Hand Weapons
 a - a +0 mace (weapon)
Armour
 b - a +0 robe (worn)
 f - a +0 pair of gloves (worn)
Scrolls
 c - a scroll of immolation {unknown}
 e - a scroll of enchant weapon {unknown}
 h - a scroll of teleportation
Potions
 i - 2 potions of cancellation {unknown}


   Skills:
 + Level 3.6 Fighting
 + Level 3.9 Maces & Flails
 * Level 3.9 Dodging
 + Level 2.9 Stealth


You had 4 spell levels left.
You didn't know any spells.
Your spell library was empty.

Dungeon Overview and Level Annotations

Branches:
Dungeon (4/15)
 Temple: D:4-7

Altars:
Uskayaw
Zin

Annotations:
D:2 Natasha


Message History

You completely miss Natasha.
Natasha is moderately wounded.
Natasha completely misses you. Natasha closely misses you.
You hit Natasha but do no damage.
Natasha is moderately wounded.
Natasha casts a spell at you.
You feel yourself slow down.
You hit Natasha.
Natasha is heavily wounded.
Natasha claws you. Natasha casts a spell at you. The magic dart hits you!
You feel much better. Natasha claws you.
You closely miss Natasha.
Natasha is heavily wounded.
Natasha barely misses you.
Natasha howls an incantation.
You feel disoriented. Natasha closely misses you.
You barely miss Natasha.
Natasha is heavily wounded.
Natasha casts a spell.
Natasha claws you.
You barely miss Natasha.
Natasha is heavily wounded.
Natasha claws you. Natasha closely misses you.
You closely miss Natasha.
Natasha is heavily wounded.
The white imp closely misses you. Natasha casts a spell at you.
The magic dart hits you. The white imp misses you. Natasha claws you!
You hit Natasha.
Natasha is almost dead.
The white imp hits you. The white imp freezes you.
Natasha stares at you and mumbles some strange words.
The magic dart hits you!
* * * LOW HITPOINT WARNING * * *
The white imp gestures at you. The puff of frost hits you!
You die...

#.##.........# #.# ##
#.##########.# #.# .# #.# #.#
#.# .# #.#### ##.## #.# .#
#.##.## ##.#.## #.#
.#####.#.#.####.###.## #.#
........###....##.##.########.#
.......## ##.##...............#
.######.###.###.@...###########
## ##.#.###.5h....# ##>##
##.....## ### ##.<..# ##.#.#
###.# #.# ** #.# ,* ********#.#


You could see Natasha and a white imp (summoned).

Vanquished Creatures
  Natasha (twice) (D:2)
  An adder (D:2)
  A dart slug (D:2)
  8 endoplasms
  A giant cockroach (D:1)
  3 goblins
  4 hobgoblins
  9 jackals (D:1)
  3 kobolds
  A quokka (D:1)
  8 ball pythons
  3 bats
  A frilled lizard (D:2)
  8 rats
53 creatures vanquished.

Vanquished Creatures (others)
  A rat (D:3)
1 creature vanquished.

Grand Total: 54 creatures vanquished

Notes
Turn   | Place    | Note
-------+----------+-------------------------------------------
     0 | D:1      | Gabide the Human Monk began the quest for the Orb.
     0 | D:1      | Reached XP level 1. HP: 18/18 MP: 1/1
    34 | D:1      | Reached XP level 2. HP: 22/24 MP: 2/2
   169 | D:1      | Reached XP level 3. HP: 17/29 MP: 3/3
  1214 | D:1      | Found a faded altar of an unknown god.
  1709 | D:2      | Reached XP level 4. HP: 31/35 MP: 4/4
  1770 | D:2      | You fall into a shaft and drop 2 floors!
  1794 | D:4      | Found a glowing silver altar of Zin.
  2064 | D:2      | Found a hide-covered altar of Uskayaw.
  2119 | D:2      | Noticed Natasha
  2135 | D:2      | Killed Natasha
  2189 | D:2      | Noticed Natasha
  2197 | D:2      | Killed Natasha
  2198 | D:2      | Reached XP level 5. HP: 29/41 MP: 5/5
  2553 | D:2      | Noticed Natasha
  2569 | D:2      | Killed from afar by a white imp

Illustrated notes

Levels and vault maps discovered:
D:1:      enne_arrival_octagon_isle, layout_basic,
          dilly_ecumenical_altar_fadedgnrine, minmay_octomino_j4
D:2:      layout_loops_ring, basic_altar, kennysheep_generic_room_2,
          uniq_natasha
D:3:      layout_basic, old_standard_altar, elyvilon_altar_4, xom_butterflies,
          interstate_on_off, uniq_sigmund
D:4:      layout_loops_ring, pf_just_have_faith,
          mainiacjoe_overflow_six_doors_small, temple_fountains,
          nicolae_ossuary_entry_ruins, uniq_pikel

Action                   |  1- 3 |  4- 6 || total
-------------------------+-------+-------++-------
Melee: Mace              |   106 |    53 ||   159
  Use: Scroll            |     2 |     3 ||     5
       Potion            |       |     2 ||     2
 Stab: Sleeping          |     5 |     4 ||     9
       Distracted        |       |     2 ||     2
Armor: Robe              |    24 |     9 ||    33
Dodge: Dodged            |    87 |    34 ||   121
